 Dungeon Crawl Stone Soup version 0.19.5 (webtiles) character file.

21241 JeffiDaFish the Basher (level 12, -2/76 HPs)
             Began as a Gargoyle Fighter on Mar 11, 2017.
             Was an Elder of Trog.
             Slain by a komodo dragon (18 damage)
             ... on level 4 of the Lair of Beasts.
             The game lasted 00:30:21 (15294 turns).

JeffiDaFish the Basher (Gargoyle Fighter)          Turns: 15294, Time: 00:30:21

Health: -2/76      AC: 27    Str: 23    XL:     12   Next: 87%
Magic:  10/10      EV:  8    Int: 12    God:    Trog [****..]
Gold:   465        SH: 12    Dex: 13    Spells: 0 memorised, 11 levels left

rFire  . . .     SeeInvis .     q - +0 morningstar
rCold  . . .     Gourm    .     u - +0 plate armour
rNeg   + . .     Faith    .     c - +0 shield
rPois  ∞         Spirit   .     (no helmet)
rElec  +         Reflect  .     h - +0 cloak
rCorr  .         Harm     .     (no gloves)
MR     .....                    g - +1 pair of boots
Stlth  ..........               (no amulet)
                                d - +3 ring of intelligence
                                j - +2 ring of strength

@: no status effects
A: low mp 1, negative energy resistance 1, electricity resistance, unbreathing,
petrification resistance, rot immunity, AC +8
a: Berserk, Trog's Hand, Brothers in Arms, Burn Spellbooks, Renounce Religion


You were on level 4 of the Lair of Beasts.
You worshipped Trog.
Trog was greatly pleased with you.
You were very hungry.

You visited 3 branches of the dungeon, and saw 14 of its levels.

You collected 465 gold pieces.

Inventory:

Hand Weapons
 q - a +0 morningstar (weapon)
Missiles
 i - 79 bolts
Armour
 c - a +0 shield (worn)
 g - a +1 pair of boots (worn)
 h - a +0 cloak (worn)
 u - a +0 plate armour (worn)
Jewellery
 d - a +3 ring of intelligence (right hand)
 j - a +2 ring of strength (left hand)
Scrolls
 e - 2 scrolls of remove curse
 m - 6 scrolls of identify
 s - 3 scrolls of teleportation
 t - a scroll of fog
 x - a scroll of recharging
Potions
 a - 3 potions of cancellation
 k - 2 potions of curing
 l - 2 potions of cure mutation
 n - a potion of brilliance
Comestibles
 b - 7 fruits
 f - 9 bread rations
 p - 3 meat rations
 r - a slice of pizza
 v - a beef jerky


   Skills:
 + Level 9.6 Fighting
 + Level 13.3 Maces & Flails
 + Level 10.3 Armour
 + Level 3.4 Dodging
 + Level 2.6 Stealth
 + Level 11.0 Shields


You had 11 spell levels left.
You didn't know any spells.

Dungeon Overview and Level Annotations

Branches:
Dungeon (9/15)             Temple (1/1) D:4            Lair (4/6) D:9
 Shoals (0/4) Lair:3        Snake (0/4) Lair:3
    Orc: D:9-12

Altars:
Ashenzari
Cheibriados
Dithmenos
Elyvilon
Fedhas
Gozag
Hepliaklqana
Kikubaaqudgha
Makhleb
Nemelex Xobeh
Okawaru
Qazlal
Ru
Sif Muna
Trog
Uskayaw
Vehumet
Xom
Yredelemnul
Zin
The Shining One

Shops:
D:4 ?   D:6 *


Innate Abilities, Weirdness & Mutations

You are resistant to torment.
Your stone body is resilient. (AC +8)
You are immune to poison.
You resist negative energy. (rN+)
You are resistant to electric shocks. (rElec)
You can survive without breathing.
You are immune to petrification.
You are immune to rotting.
Your magical capacity is low. (-10% MP)


Message History

You block the elephant's attack.
The elephant trunk-slaps you but does no damage.
The komodo dragon bites you but does no damage.
You closely miss the komodo dragon.
The komodo dragon is heavily wounded.
You block the elephant's attack. x2
The komodo dragon bites you but does no damage.
Unknown command.
You hit the elephant.
The elephant is almost dead.
You block the elephant's attack. x2
The komodo dragon hisses menacingly.
The komodo dragon completely misses you.
You sock the elephant!
You kill the elephant!
Trog accepts your kill. The komodo dragon bites you!
* * * LOW HITPOINT WARNING * * *
You feel better. The komodo dragon bites you!!
You die...

#.... #.... .
#P... ..######
#.... ......
#.... P.#.# #....
#..## ##... #..#
#.... .#. #.@#
#.... ...# ##l##
#.... .....##.Y#
### ###....
..........#
##.###.#....
..........#
#..<........
........#.#
#...........
...............##
##...........
................#
#............
....>........#.##
#.........#..


You could see an elephant and a komodo dragon.

Vanquished Creatures
  The ghost of bakman329 the Cleaver, a journeyman MiBe of Trog (Lair:1)
  Harold (Lair:4)
  2 hydras
  3 death yaks
  An elephant (Lair:4)
  A black mamba (Lair:4)
  2 sirens (Lair:3)
  5 spiny frogs
  5 komodo dragons
  A rime drake (Lair:2)
  2 merfolk (Lair:3)
  The ghost of Saba the Archer, an amateur CeHu (D:4)
  8 blink frogs
  7 hippogriffs
  A wyvern (Lair:3)
  4 basilisks
  21 yaks
  A spriggan (D:7)
  The ghost of johnwayner the Skirmisher, an amateur HOMo (D:3)
  A hungry ghost (D:9)
  2 wargs (D:9)
  4 water moccasins
  2 ice beasts (D:5)
  4 porcupines
  2 black bears
  A sky beast (D:6)
  3 phantoms
  An orc warrior (D:9)
  2 centaurs (D:9)
  6 crocodiles
  A big kobold (D:7)
  10 bullfrogs
  4 howler monkeys (D:8)
  4 electric eels (D:8)
  6 crimson imps
  2 jellies
  3 hounds
  6 orc wizards
  5 orc priests
  3 iguanas
  Jessica (D:2)
  Ijyb (D:3)
  7 worker ants
  5 hell rats (Lair:2)
  2 hound skeletons
  2 worker ant zombies
  A gnoll (D:5)
  13 adders
  3 shadow imps
  2 oozes (D:1)
  An adder skeleton (D:7)
  2 dart slugs
  7 leopard geckos
  22 orcs
  5 bats
  10 giant cockroaches
  10 goblins
  5 hobgoblins
  16 kobolds
  4 quokkas
  A ball python (D:3)
  4 frilled lizards
  A quokka skeleton (D:5)
  A quokka zombie (D:9)
  9 rats
275 creatures vanquished.

Vanquished Creatures (others)
  A leopard gecko (D:8)
  2 fungi
  6 plants
9 creatures vanquished.

Grand Total: 284 creatures vanquished

Notes
Turn   | Place    | Note
-------+----------+-------------------------------------------
     0 | D:1      | JeffiDaFish the Gargoyle Fighter began the quest for the Orb.
     0 | D:1      | Reached XP level 1. HP: 14/14 MP: 1/1
    79 | D:1      | Reached XP level 2. HP: 16/19 MP: 2/2
   796 | D:2      | Reached XP level 3. HP: 23/23 MP: 3/3
   835 | D:2      | Found an opulent altar of Gozag.
  1091 | D:2      | Reached skill level 3 in Maces & Flails
  1315 | D:2      | Noticed Jessica
  1320 | D:2      | Killed Jessica
  1320 | D:2      | Reached XP level 4. HP: 27/28 MP: 4/4
  1481 | D:3      | Noticed Ijyb
  1507 | D:3      | Killed Ijyb
  1507 | D:3      | Reached XP level 5. HP: 31/32 MP: 5/5
  1534 | D:3      | Found a sacrificial altar of Ru.
  1573 | D:3      | Reached skill level 4 in Maces & Flails
  1587 | D:3      | Found a faded altar of an unknown god.
  1659 | D:3      | Noticed johnwayner's ghost (amateur HOMo)
  1685 | D:3      | Killed johnwayner's ghost
  1685 | D:3      | Reached skill level 1 in Stealth
  1685 | D:3      | Reached XP level 6. HP: 25/38 MP: 6/6
  2046 | D:3      | Reached skill level 1 in Dodging
  2242 | D:3      | Found a basalt altar of Yredelemnul.
  2597 | D:4      | Noticed a phantom
  2615 | D:4      | Killed a phantom
  2615 | D:4      | Reached skill level 5 in Maces & Flails
  2615 | D:4      | Reached XP level 7. HP: 40/43 MP: 7/7
  2710 | D:4      | Found Qiddow's Magic Scroll Emporium.
  2724 | D:4      | Found a shadowy altar of Dithmenos.
  2745 | D:4      | Found a staircase to the Ecumenical Temple.
  2765 | D:4      | Reached skill level 5 in Shields
  2768 | Temple   | Entered the Ecumenical Temple
  3077 | Temple   | Became a worshipper of Trog the Wrathful
  3121 | D:4      | Noticed Saba's ghost (amateur CeHu)
  3136 | D:4      | Killed Saba's ghost
  3136 | D:4      | Reached skill level 6 in Maces & Flails
  3186 | D:4      | Reached XP level 8. HP: 27/48 MP: 8/8
  3999 | D:5      | Entered Level 5 of the Dungeon
  4108 | D:5      | Reached skill level 5 in Armour
  4190 | D:5      | Found an ancient bone altar of Kikubaaqudgha.
  4437 | D:5      | Identified the Volume of the Escort and Air
  4460 | D:5      | Reached * piety under Trog
  4623 | D:5      | Reached skill level 7 in Maces & Flails
  4676 | D:5      | Found a shimmering altar of Xom.
  4799 | D:6      | Found Ihywoi's Assorted Antiques.
  5198 | D:6      | Found a hazy altar of Hepliaklqana.
  5230 | D:6      | Found a bloodstained altar of Trog.
  5319 | D:7      | Reached skill level 5 in Fighting
  5319 | D:7      | Reached XP level 9. HP: 35/54 MP: 9/9
  5499 | D:7      | Gained mutation: You are dopey. (Int -2) [potion of mutation]
  5499 | D:7      | Lost mutation: You are dopey. (Int -2) [potion of mutation]
  5499 | D:7      | Gained mutation: Your magical capacity is low. (-10% MP) [potion of mutation]
  6007 | D:8      | Reached skill level 8 in Maces & Flails
  6802 | D:8      | Found a shattered altar of Ashenzari.
  6879 | D:8      | Reached ** piety under Trog
  7436 | D:9      | Found a staircase to the Lair.
  7453 | D:9      | Found a glowing golden altar of the Shining One.
  7735 | D:9      | Reached skill level 9 in Maces & Flails
  7968 | D:9      | Reached XP level 10. HP: 52/60 MP: 9/9
  8334 | D:9      | Found an iron altar of Okawaru.
  8450 | Lair:1   | Entered Level 1 of the Lair of Beasts
  8615 | Lair:1   | Identified a scroll of acquirement
  8616 | Lair:1   | Got a translucent ring mail
  8627 | Lair:1   | Identified the +4 ring mail of Listlessness {rPois rF+ rC+ Int-2} (You acquired it on level 1 of the Lair of Beasts)
  8893 | Lair:1   | Reached skill level 10 in Maces & Flails
  9447 | Lair:1   | Noticed a spiny frog
  9464 | Lair:1   | Killed a spiny frog
  9464 | Lair:1   | Reached XP level 11. HP: 34/67 MP: 9/9
  9645 | Lair:1   | Noticed bakman329's ghost (journeyman MiBe)
  9675 | Lair:1   | Killed bakman329's ghost
  9675 | Lair:1   | Reached skill level 11 in Maces & Flails
 11434 | Lair:2   | Reached *** piety under Trog
 11832 | Lair:2   | Reached skill level 10 in Shields
 12368 | Lair:3   | Noticed a death yak
 12496 | Lair:3   | Reached skill level 12 in Maces & Flails
 12588 | Lair:3   | Reached XP level 12. HP: 8/75 MP: 10/10
 13098 | Lair:3   | Noticed a six-headed hydra
 13113 | Lair:3   | Killed a six-headed hydra
 13753 | Lair:3   | Noticed a death yak
 13753 | Lair:3   | Noticed a death yak
 13779 | Lair:2   | Killed a death yak
 13892 | Lair:2   | Noticed a seven-headed hydra
 13905 | Lair:2   | Killed a seven-headed hydra
 14190 | Lair:3   | Killed a death yak
 14190 | Lair:3   | Reached skill level 10 in Armour
 14208 | Lair:3   | Killed a death yak
 14458 | Lair:3   | Found a staircase to the Snake Pit.
 14550 | Lair:3   | Reached skill level 13 in Maces & Flails
 14603 | Lair:3   | Found a staircase to the Shoals.
 14952 | Lair:4   | Noticed Harold
 14986 | Lair:4   | Killed Harold
 15287 | Lair:4   | Reached **** piety under Trog
 15294 | Lair:4   | Slain by a komodo dragon

Skill      XL: |  1  2  3  4  5  6  7  8  9 10 11 12 |
---------------+-------------------------------------+-----
Maces & Flails | 3 4 5 6 7 9 10 12 13 | 13.3
Shields        | 4 5 6 8 9 10 11 | 11.0
Fighting       | 4 5 7 8 9 |  9.6
Armour         | 4 5 6 7 9 10 | 10.3
Stealth        | 1 2 |  2.6
Dodging        | 1 2 3 |  3.4

Action                   |  1- 3 |  4- 6 |  7- 9 | 10-12 || total
-------------------------+-------+-------+-------+-------++-------
Melee: Flail             |    97 |   124 |       |       ||   221
       Morningstar       |       |    56 |   624 |   854 ||  1534
Invok: Burn Spellbooks   |       |       |     1 |       ||     1
  Use: Scroll            |     3 |     3 |     6 |     6 ||    18
       Potion            |     3 |     3 |     6 |     6 ||    18
 Stab: Invisible         |       |     2 |       |       ||     2
       Paralysed         |       |     1 |       |       ||     1
       Distracted        |       |       |       |     1 ||     1
  Eat: Chunk             |     1 |     4 |    15 |    27 ||    47
       Meat ration       |       |       |     1 |       ||     1
       Royal jelly       |       |       |       |     1 ||     1
Armor: Scale mail        |    56 |   130 |   223 |       ||   409
       Chain mail        |       |       |   210 |       ||   210
       Plate armour      |       |       |     5 |   483 ||   488
Dodge: Dodged            |    36 |    74 |   248 |   191 ||   549
Block: Shield            |    59 |   105 |   460 |   506 ||  1130
